details: 'Lose base to necs, still win'

« prev index next »

General information

Mini Map

Players

team 1
UndeadSilverchair (teal | 48 APM | 911 actions | 18:55)
Hero icon 5 Death Knight
Ability icon 1 Death Coil
Ability icon 1 Death Pact
Ability icon 3 Unholy Aura

» actions
Assign group hotkey14
Build / train80
Enter build submenu16
Enter hero's abilities submenu5
Right click251
Select / deselect326
Select group hotkey145
Use ability74
911 total
» units
Acolyte7
Ghoul22
Necromancer17
Meatwagon2
Crypt Fiend3
51 total
» upgrades
Unholy Strength2
Unholy Armor1
Exhume Corpses1
Necromancer Training1
Skeletal Longevity2
Web1
8 total
» buildings
Ziggurat9
Crypt2
Graveyard1
Altar of Darkness1
Nerubian Tower3
Halls of the Dead1
Spirit Tower5
Temple of the Damned2
Slaughterhouse2
Black Citadel3
29 total
» build order
01:12 Ziggurat
01:15 Crypt
01:20 Ziggurat
01:24 Crypt
01:29 Graveyard
01:39 Altar of Darkness
03:39 Ziggurat
04:52 Nerubian Tower
05:09 Halls of the Dead
06:07 Ziggurat
06:14 Ziggurat
06:20 Ziggurat
06:29 Ziggurat
06:51 Ziggurat
06:58 Ziggurat
07:04 Nerubian Tower
07:06 Spirit Tower
07:14 Spirit Tower
07:18 Spirit Tower
07:20 Spirit Tower
07:33 Temple of the Damned
07:35 Temple of the Damned
07:55 Slaughterhouse
07:56 Slaughterhouse
10:18 Nerubian Tower
10:23 Spirit Tower
17:10 Black Citadel
17:10 Black Citadel
team 2
UndeadWesFSTGDB (blue | 114 APM | 2158 actions | 18:57)
Hero icon 6 Death Knight
Ability icon 3 Death Coil
Ability icon 2 Unholy Aura
Ability icon 1 Animate Dead
Hero icon 5 Dark Ranger
Ability icon 3 Black Arrow
Ability icon 2 Silence

» actions
Assign group hotkey32
Basic commands516
Build / train65
Enter build submenu23
Enter hero's abilities submenu11
Give item / drop item2
Remove unit from queue1
Right click660
Select / deselect436
Select group hotkey267
Use ability145
2158 total
» units
Acolyte7
Ghoul6
Crypt Fiend5
Obsidian Statue4
Frost Wyrm2
24 total
» upgrades
Creature Carapace1
Web1
Destroyer Form1
Creature Attack1
4 total
» buildings
Ziggurat11
Altar of Darkness1
Crypt1
Tomb of Relics1
Graveyard1
Nerubian Tower1
Halls of the Dead2
Necropolis1
Slaughterhouse1
Black Citadel2
Spirit Tower1
Sacrificial Pit1
Boneyard2
26 total
» build order
00:31 Ziggurat
00:32 Altar of Darkness
00:47 Crypt
00:50 Tomb of Relics
01:11 Graveyard
01:42 Ziggurat
01:44 Nerubian Tower
03:00 Ziggurat
03:45 Halls of the Dead
05:45 Necropolis
06:39 Slaughterhouse
08:22 Black Citadel
08:22 Black Citadel
08:26 Ziggurat
08:27 Ziggurat
08:28 Ziggurat
08:43 Spirit Tower
12:43 Sacrificial Pit
13:46 Boneyard
13:47 Boneyard
13:50 Ziggurat
15:49 Ziggurat
15:49 Ziggurat
15:51 Ziggurat
15:52 Ziggurat
» items
Rod of Necromancy2
Potion of Healing3
Orb of Corruption1
Scroll of Healing1
Potion of Mana1
8 total